 Dungeon Crawl Stone Soup version 0.29.1 (webtiles) character file.

Game seed: 13086713952982004953

54 Frenzy the Chopper (level 3, 0/49 HPs)
             Began as a Hill Orc Berserker on Sept 14, 2022.
             Was a Believer of Trog.
             Succumbed to a gnoll bouda's poison
             ... on level 2 of the Dungeon.
             The game lasted 00:04:23 (1147 turns).

Frenzy the Chopper (Hill Orc Berserker)             Turns: 1147, Time: 00:04:24

Health: 0/49       AC:  2    Str: 21    XL:     3   Next: 91%
Magic:  3/3        EV: 12    Int:  7    God:    Trog [**....]
Gold:   6          SH:  0    Dex: 10    Spells: 2/2 levels left

rFire   . . .      SeeInvis .   a - +0 hand axe
rCold   . . .      Faith    .   (no shield)
rNeg    . . .      Spirit   .   b - +0 animal skin
rPois   .          Reflect  .   (no helmet)
rElec   .          Harm     .   (no cloak)
rCorr   .          Rampage  .   (no gloves)
Will    .....                   (no boots)
Stlth   ..........              (no amulet)
HPRegen 0.16/turn               (no ring)
MPRegen 0.08/turn               (no ring)

@: berserking (expiring), lethally poisoned (0 -> -8), very quick
A: no striking features
a: Renounce Religion, Berserk, Trog's Hand


You were on level 2 of the Dungeon.
You worshipped Trog.
Trog was pleased with you.
You visited 1 branch of the dungeon, and saw 2 of its levels.

You collected 6 gold pieces.

Inventory:

Hand Weapons
 a - a +0 hand axe (weapon)
Armour
 b - a +0 animal skin (worn)
Scrolls
 c - a scroll of enchant weapon {unknown}
 e - 2 scrolls of magic mapping
 f - a scroll of enchant armour {unknown}
 g - a scroll of amnesia {unknown}
Potions
 d - a potion of mutation {unknown}
 h - 2 potions of curing {unknown}


   Skills:
 + Level 4.2 Fighting
 + Level 5.1 Axes
 + Level 2.2 Armour
 + Level 2.1 Dodging


You had 2 spell levels left.
You didn't know any spells.
Your spell library was empty.

Dungeon Overview and Level Annotations

Branches:
Dungeon (2/15)

Altars:


Message History

The gnoll hits you from afar with a +0 spear.
The gnoll closely misses you.
You hit the gnoll.
The gnoll is moderately wounded.
You hit the gnoll. The gnoll barely misses you.
The gnoll hits you from afar with a +0 spear!
You slice the gnoll!!
You kill the gnoll!
Trog accepts your kill.
You hit the gnoll.
Your Axes skill increases to level 5!
You hit the gnoll.
You kill the gnoll!
Trog accepts your kill.
The gnoll hits you from afar with a +0 spear!
* * * LOW HITPOINT WARNING * * *
The gnoll barely misses you.
There is an open door here.
You slash the gnoll bouda!
The gnoll bouda is heavily wounded.
You barely miss the gnoll. You barely miss the gnoll bouda.
The gnoll bouda is heavily wounded.
You barely miss the gnoll. You slash the gnoll! The gnoll closely misses you.
The gnoll bouda hits you but does no damage.
You are poisoned.
The gnoll hits you with a +0 mace!
* * * LOW HITPOINT WARNING * * *
You closely miss the gnoll.
The gnoll is heavily wounded.
You hit the gnoll bouda. You barely miss the gnoll.
* * * LOW HITPOINT WARNING * * *
You feel sick. The gnoll hits you with a +0 spear.
* * * LOW HITPOINT WARNING * * *
The gnoll bouda calls upon its god to heal the gnoll.
The gnoll is healed somewhat.
You slash the gnoll!
The gnoll is almost dead.
You hit the gnoll but do no damage. You slash the gnoll bouda!
You die...

,*,,<,,,,,#.....†.<....#
,*,,*****##..#.#.################
,*,,,,,,,....#...................
,**,*****#.,#.........###########
,**,* ***.,,#.........# ,**,*
*,,,*,#.........#
,**,***,,,,,#.........#
,,,,,,,,,,,,#..).)....#
>,,,***,,,,,####@######
***,*,,,,,,,*


#ggg# ,**,*,,,,**,* #...# ,**,*,,,,**,* #..$## ,**,+,,,,+,,* #....########*
,,,,*,,,,**** #.......g....* ,,,,*,,,,* #..........).* ,,,,****** #............*
,,,,* ##...........* You could see a gnoll bouda and 2 gnolls.

Vanquished Creatures
  2 gnolls (D:2)
  A dart slug (D:2)
  4 ball pythons (D:1)
  5 bats (D:1)
  4 endoplasms (D:1)
  4 goblins (D:1)
  3 hobgoblins
  A kobold (D:1)
  A frilled lizard (D:1)
  3 rats
28 creatures vanquished.

Vanquished Creatures (others)
  5 plants (D:1)
5 creatures vanquished.

Grand Total: 33 creatures vanquished

Notes
Turn   | Place    | Note
-------+----------+-------------------------------------------
     0 | D:1      | Frenzy the Hill Orc Berserker began the quest for the Orb.
     0 | D:1      | Reached XP level 1. HP: 19/19 MP: 1/1
   216 | D:1      | Reached XP level 2. HP: 13/27 MP: 2/2
   764 | D:1      | Reached XP level 3. HP: 11/33 MP: 3/3
   810 | D:1      | Reached ** piety under Trog
  1142 | D:2      | Reached skill level 5 in Axes
  1146 | D:2      | HP: 2/49 [gnoll/+0 spear[a gnoll bouda] (3)]
  1147 | D:2      | Succumbed to a gnoll bouda's poison

Illustrated notes

Levels and vault maps discovered:
D:1:      grunt_arrival_crossed_arrows, layout_basic, minmay_crystal_water,
          serial_bayou_lake_a
D:2:      layout_basic, kennysheep_generic_room_10

Skill      XL: |  1  2  3 |
---------------+----------+-----
Fighting       | 4 |  4.2
Dodging        | 2 |  2.1
Axes           | 5 |  5.1
Armour         | |  2.2

Action                   || total
-------------------------++-------
Melee: Hand axe          ||    76
       Punch             ||     1
Invok: Berserk           ||     1
  Use: Scroll            ||     1
 Stab: Sleeping          ||     1
Armor: Animal skin       ||    18
Dodge: Dodged            ||    66
